Introsp3ctive, lawful male human Samurai ------------ |...<......| |..........| --------------------------------- |........... |...............................| ---.-------- |.------------.....------------.| # |.| |.....| |(](|...|.| # |.| |.o...+ |(((|...|.| ### # |.| |.....| |...|...|.| ---------.-- # |.| - --...Gh-----|---|--.| |..........| # -.--+--- --F.:.hfoG[.......[....| #%...........| ## # |....ZZZM.GjCNkB.M@[.{%.@.).....| # |..........| -.-------.-- |.-+---- --....--|---...........| #####[#...........| |..>.......| |.| ----.|... |.----+----.| # ------------ |....^%....| |.| +.|... |.+ |%-####[## |..........-###### |.| |.|.._ |.| |.| ------------ # |.| |.|... |.| |.| ###|.------------.------.---------.| #-...............................| --------------------------------- Introsp3ctive the Ninja Experience level: 6 Strength: 18 Dexterity: 18 Constitution: 18 Intelligence: 8 Wisdom: 7 Charisma: 7 Health: 0(59) Energy: 23(23) Def: 6 Gold: 1025 Moves: 3105 Dungeon seed: UWfvbF9civo2byY4 Game ID: Introsp3ctive_1466916540 Your Inventory: Coins $ - 1025 gold pieces Weapons a - an uncursed corroded +0 katana (weapon in hand) c - an uncursed +0 yumi (alternate weapon; not wielded) j - 7 uncursed poisoned +0 orcish arrows (in quiver) z - an uncursed +1 long sword Armor e - a blessed rustproof +0 splint mail (being worn) Comestibles b - an uncursed tripe ration k - 2 uncursed lichen corpses m - 4 uncursed gunyoki G - a cursed tripe ration M - an uncursed cram ration Scrolls h - an uncursed scroll of light Potions d - an uncursed potion of sleeping g - a cursed potion of acid i - an uncursed potion of extra healing Wands s - a cursed wand of light (0:12) Tools f - an uncursed osaku K - an uncursed mirror V - an uncursed blindfold Gems n - an uncursed worthless piece of orange glass Spells and supernatural/magical abilities: Name Level Category Fail Memory W - pray for help -- divine ? -- Your skills at the end: Fighting Skills martial arts [Basic] wands [Basic] Weapon Skills short sword [Basic] long sword [Skilled] bow [Basic] Spellcasting Skills Final Attributes: You were piously aligned. You were fast. You are dead. Vanquished creatures: a ghost a spotted jelly 8 Uruk-hai an orc shaman 2 shriekers a violet fungus 2 gnome lords a red naga hatchling a paper golem 2 kittens a dwarf a rabid rat 2 orc zombies 2 acid blobs 2 coyotes a hobbit a large kobold a yellow mold 11 gnomes 8 garter snakes 2 geckos 4 jackals a kobold 2 goblins 4 sewer rats 3 grid bugs 3 lichens 2 kobold zombies 3 newts 74 creatures vanquished. Voluntary challenges: You were an atheist. You used a wielded weapon 93 times, starting on turn 22. You read items or engraved 2 times, starting on turn 2706. You never genocided any monsters. You never polymorphed an object. You never changed form. You used no wishes. You never split a pudding. You never wrote Elbereth's name. You violated your moral code, losing 3 points of alignment, starting on turn 2206. Dungeon overview: The Dungeons of Doom: levels 1 to 7 Level 1 some fountains a long staircase Level 2 Level 3 a fountain Level 4 a fountain, a sink stairs to The Gnomish Mines Level 5 (<>) a fountain Level 6 a sink Level 7 many fountains The Gnomish Mines: levels 5 to 7 Level 5 stairs to The Dungeons of Doom Level 6 Level 7 <- You were here a lighting shop, a temple to Amaterasu Omikami, some fountains History has recorded: On T:1 you entered the Dungeons of Doom to retrieve the Amulet of Yendor! On T:309 you reached level 2 of The Dungeons of Doom. On T:580 you advanced to experience level 2. On T:695 you reached level 3 of The Dungeons of Doom. On T:945 you reached level 4 of The Dungeons of Doom. On T:1133 you advanced to experience level 3. On T:1313 you reached level 1 of The Gnomish Mines. On T:1357 you reached level 5 of The Dungeons of Doom. On T:1367 you advanced to experience level 4. On T:1675 you reached level 6 of The Dungeons of Doom. On T:2265 you reached level 7 of The Dungeons of Doom. On T:2502 you advanced to experience level 5. On T:2779 you reached level 2 of The Gnomish Mines. On T:2902 you reached level 3 of The Gnomish Mines. On T:3056 you advanced to experience level 6. Score breakdown: Gold: 1025 (10242 points) Experience: 6 levels (12456 points) Exploration: 7 levels ( 13.73%) (10392 points) Discoveries: 3 items ( 1.20%) ( 3292 points) Valuables value: (no points given unless you survive) Artifact value: 0 ( 0 points) Variety of kills: 29 monsters ( 7.57%) ( 8255 points) Turncount: 3105 turns ( -650 points) Survival: died (score multiplied by 80%) Total score: 35189 Latest messages: The plains centaur shoots a crossbow bolt! The crossbow bolt misses the kitten. You are hit by a crossbow bolt. The Uruk-hai swings her orcish bow. The Uruk-hai hits! The gnomish wizard zaps a wand of create monster! You hit the Uruk-hai. You hit the Uruk-hai! The gnomish wizard zaps a wand of create monster! The plains centaur shoots a crossbow bolt! The crossbow bolt hits the kobold shaman! You miss the gnomish wizard. The dwarf mummy hits! The Uruk-hai swings her orcish bow. The Uruk-hai hits! The gnomish wizard casts a spell! The magic missile hits you! You hear the howling of the CwnAnnwn... The magic missile bounces! The magic missile hits you! You die... For some reason, you think that you can almost hear the Wizard laugh manically... Final status: Sayonara Introsp3ctive the Samurai, killed by a magic missile... You died in The Gnomish Mines on dungeon level 7 with 35189 points, and 1025 pieces of gold, after 3105 moves. You were level 6 with a maximum of 59 hit points when you died.